Wild vs Rangers

Created - March 13, 2017 at 17:13

Goals
1 2 3 OT1 T
Wild 0 2 2 1 5
Rangers 1 1 2 0 4
Shots
1 2 3 OT1 T
Wild 5 13 7 3 28
Rangers 11 8 14 2 35

1st period

1. Rangers , Ondrej Palat 22 (Phillip Danault, David Jones) at 14:02 (PP)

Penalties :
Jason Pominville (MIN) for Hooking (Minor) at 12:37

2nd period

2. Wild , Tanner Pearson 19 (Alexander Edler, Sven Baertschi) at 1:59
3. Rangers , Benoit Pouliot 23 (Nick Schultz) at 11:31
4. Wild , Eric Staal 22 (Mark Streit, Alexander Edler) at 16:46 (PP)

Penalties :
Ondrej Palat (NYR) for Hooking (Minor) at 15:36

3rd period

5. Rangers , Cedric Paquette 5 (Nick Schultz, Benoit Pouliot) at 1:51
6. Wild , Marian Gaborik 15 (Eric Staal, Taylor Fedun) at 7:37 (PP)
7. Wild , Marian Gaborik 16 (Jason Pominville, Alexander Edler) at 15:34
8. Rangers , Matt Niskanen 10 (Connor McDavid, Craig Smith) at 19:32

Penalties :
Jeff Petry (MIN) for Tripping (Minor) at 4:00, Ondrej Palat (NYR) for Boarding (Minor) at 6:59, Jimmy Hayes (MIN) for Tripping (Minor) at 13:26, Alexander Edler (MIN) for Tripping (Minor) at 17:13

Overtime #1

9. Wild , Marian Gaborik 17 (Jason Pominville, Taylor Fedun) at 2:59

Penalties :
No Penalty

Goalie Stats

Ryan Miller (MIN), 31 saves from 35 shots - (0.886), W, 22-26-4, 63:00 minutes
Christopher Gibson (NYR), 23 saves from 28 shots - (0.821), OTL, 0-2-1, 62:00 minutes

Players Stats for Wild

Player Name              G  A  P  +/- PIM S  H  SB GA TA FO     MP     PP MP  PK MP  
------------------------------------------------------------------------------------
Alex Biega               0  0  0   0  0   1  1  1  0  0  0/0    16:16   0:00   4:22 
Alexander Edler          0  3  3   0  2   1  3  4  0  0  0/0    26:20   0:26   2:27 
Carl Gunnarsson          0  0  0   1  0   0  2  2  0  0  0/0    24:59   0:00   2:55 
Colin McDonald           0  0  0   0  0   0  2  0  0  0  0/1     7:10   0:00   2:19 
Eric Staal               1  1  2  -1  0   4  5  1  0  0  15/28  20:08   1:04   0:43 
Jason Pominville         0  2  2  -1  2   2  0  0  0  0  1/1    18:53   1:04   0:23 
Jason Spezza             0  0  0   0  0   4  0  0  0  0  9/25   20:12   0:44   0:00 
Jeff Petry               0  0  0  -2  2   0  2  0  0  0  0/0    21:33   1:22   0:33 
Jimmy Hayes              0  0  0   0  2   1  2  0  0  0  0/0    11:05   0:00   0:00 
Marian Gaborik           3  0  3   0  0   5  0  0  0  0  0/0    18:11   1:04   0:00 
Mark Streit              0  1  1  -1  0   0  0  1  0  0  0/0    22:38   0:26   3:54 
Markus Granlund          0  0  0   0  0   1  0  1  0  0  5/9     9:11   0:00   4:20 
Mason Raymond            0  0  0   0  0   0  0  0  0  0  0/0    15:46   0:00   4:40 
Riley Nash               0  0  0   0  0   1  0  0  0  0  5/14   13:25   0:00   2:19 
Ronalds Kenins           0  0  0   0  0   0  0  0  0  0  0/1     4:51   0:00   0:00 
Sven Baertschi           0  1  1   0  0   1  2  0  0  0  0/2    20:03   0:44   0:00 
Tanner Pearson           1  0  1  -1  0   7  2  0  0  0  0/0    19:41   0:44   0:00 
Taylor Fedun             0  2  2   0  0   0  0  1  0  0  0/0    14:12   1:22   0:33 

Players Stats for Rangers

Player Name              G  A  P  +/- PIM S  H  SB GA TA FO     MP     PP MP  PK MP  
------------------------------------------------------------------------------------
Alex Goligoski           0  0  0  -1  0   3  2  5  0  0  0/0    22:02   3:11   1:16 
Benoit Pouliot           1  1  2   3  0   4  0  0  0  0  2/3    15:35   4:06   0:00 
Brandon Pirri            0  0  0  -1  0   3  2  1  0  0  3/16   12:15   0:00   0:52 
Cedric Paquette          1  0  1   2  0   1  1  0  0  0  5/11   10:47   0:00   0:56 
Connor McDavid           0  1  1   1  0   0  0  0  0  0  8/15   19:01   2:46   0:00 
Conor Sheary             0  0  0   0  0   0  0  0  0  0  0/1    16:35   0:00   0:52 
Craig Smith              0  1  1   1  0   3  2  1  0  0  2/2    20:15   2:40   0:00 
Dale Weise               0  0  0   2  0   1  2  0  0  0  0/1    14:59   4:12   0:56 
David Jones              0  1  1  -1  0   1  0  0  0  0  1/1    10:42   0:30   0:00 
Jiri Sekac               0  0  0  -1  0   0  1  0  0  0  1/1    10:12   0:00   0:00 
Justin Falk              0  0  0   1  0   0  2  0  0  0  0/0    16:52   0:39   0:00 
Mark Letestu             0  0  0  -1  0   0  0  0  0  0  0/0    14:44   0:00   0:00 
Matt Niskanen            1  0  1   0  0   4  2  0  0  0  0/0    22:45   3:56   0:32 
Michael Del Zotto        0  0  0   0  0   0  0  1  0  0  0/0    21:42   2:56   0:32 
Nick Schultz             0  2  2   1  0   0  0  2  0  0  0/0    17:31   0:00   0:00 
Oliver Ekman-Larsson     0  0  0   1  0   3  1  1  0  0  0/0    25:08   4:02   1:16 
Ondrej Palat             1  0  1  -1  4   7  5  0  0  0  3/3    19:08   4:26   0:00 
Phillip Danault          0  1  1  -1  0   5  1  0  0  0  21/27  19:57   3:26   0:00 

3 Stars

1 - Marian Gaborik (MIN)
2 - Benoit Pouliot (NYR)
3 - Eric Staal (MIN)

Power Play

Wild - 2 on 2 Attempt(s) - 100.00%
Rangers - 1 on 4 Attempt(s) - 25.00%

Penalty Kill

Wild - 3 on 4 Attempt(s) - 75.00% - Score 0 goal in Penalty Kill
Rangers - 0 on 2 Attempt(s) - 0.00% - Score 0 goal in Penalty Kill

Team Stat

Wild - Hits : 21 - Faceoff Wins : 35 - Blocked Shots : 11 - Penalty Minutes : 8
Rangers - Hits : 21 - Faceoff Wins : 46 - Blocked Shots : 11 - Penalty Minutes : 4

Official

Referees : Tom Chmielewski and Francis Charron
Linesman : Andy McElman and Shane Heyer

Game Notes

Marian Gaborik has scored a Hat Trick!

Finance

Level 1 -- Attendance: 4350 (66.92%) -- Ticket Income $543,750
Level 2 -- Attendance: 4726 (94.52%) -- Ticket Income $354,450
Level 3 -- Attendance: 3024 (86.40%) -- Ticket Income $151,200
Level 4 -- Attendance: 2006 (100.00%) -- Ticket Income $50,150
Luxury Box -- Attendance: 710 (71.00%) -- Ticket Income $177,500
Game was played at the Madison Square Garden.
Total Attendance: 14816 (82.28%)
Total Ticket Income: $1,277,050
Other Income: $191,558
Total Income: $1,468,608

% Time on Ice - Wild

Lines # - Real PCT - Wanted PCT - Time Play
Normal Forward
1 - 35% - 42% - 17:49
2 - 33% - 38% - 16:44
3 - 22% - 17% - 11:06
4 - 10% - 3% - 4:51
Normal Defense
1 - 42% - 43% - 21:06
2 - 35% - 37% - 17:30
3 - 24% - 15% - 11:54
4 - 0% - 5% - 0:00
PP Forward
1 - 41% - 50% - 0:44
2 - 59% - 50% - 1:04
PP Defense
1 - 24% - 50% - 0:26
2 - 76% - 50% - 1:22
PK Forward
1 - 69% - 58% - 5:03
2 - 31% - 42% - 2:19
PK Defense
1 - 56% - 53% - 4:07
2 - 44% - 47% - 3:15
PK3 Forward
1 - 0% - 50%
2 - 0% - 50%
PK3 Defense
1 - 0% - 55%
2 - 0% - 45%
44 Forward
1 - 0% - 55%
2 - 0% - 45%
44 Defense
1 - 0% - 55%
2 - 0% - 45%
Last Minute Offensive  - 0:00
Last Minute Defensive  - 0:20
Total
Forward - 60:00
Defense - 60:00

% Time on Ice - Rangers

Lines # - Real PCT - Wanted PCT - Time Play
Normal Forward
1 - 31% - 34% - 15:43
2 - 29% - 34% - 14:44
3 - 20% - 20% - 9:51
4 - 20% - 12% - 10:12
Normal Defense
1 - 36% - 43% - 18:02
2 - 32% - 33% - 16:15
3 - 32% - 24% - 16:13
4 - 0% - 0% - 0:00
PP Forward
1 - 53% - 50% - 3:56
2 - 47% - 50% - 3:26
PP Defense
1 - 43% - 50% - 3:11
2 - 57% - 50% - 4:11
PK Forward
1 - 52% - 55% - 0:56
2 - 48% - 45% - 0:52
PK Defense
1 - 70% - 60% - 1:16
2 - 30% - 40% - 0:32
PK3 Forward
1 - 0% - 60%
2 - 0% - 40%
PK3 Defense
1 - 0% - 60%
2 - 0% - 40%
44 Forward
1 - 0% - 50%
2 - 0% - 50%
44 Defense
1 - 0% - 55%
2 - 0% - 45%
Last Minute Offensive  - 0:20
Last Minute Defensive  - 0:00
Total
Forward - 60:00
Defense - 60:00

Play by Play

1st period


0:01 of 1st period - Connor McDavid wins face-off versus Jason Spezza in neutral zone.
0:15 of 1st period - Icing by Tanner Pearson.
0:16 of 1st period - Phillip Danault wins face-off versus Jason Spezza in Wild zone.
0:42 of 1st period - Shot by Tanner Pearson.
0:42 of 1st period - Stopped by Christopher Gibson without a rebound.
0:43 of 1st period - Eric Staal wins face-off versus Dale Weise in Rangers zone.
1:20 of 1st period - Shot by Benoit Pouliot.
1:20 of 1st period - Stopped by Ryan Miller without a rebound.
1:21 of 1st period - Connor McDavid wins face-off versus Riley Nash in Wild zone.
1:29 of 1st period - Icing by Alex Biega.
1:30 of 1st period - Brandon Pirri wins face-off versus Riley Nash in Wild zone.
1:37 of 1st period - Shot by David Jones.
1:37 of 1st period - Shot Misses the Net.
2:10 of 1st period - Shot by David Jones.
2:10 of 1st period - Stopped by Ryan Miller with a rebound.
3:13 of 1st period - Jimmy Hayes is hit by Phillip Danault and loses puck.
3:18 of 1st period - Shot by Ondrej Palat.
3:18 of 1st period - Stopped by Ryan Miller without a rebound.
3:19 of 1st period - Phillip Danault wins face-off versus Jason Spezza in Wild zone.
3:23 of 1st period - Mark Letestu is hit by Carl Gunnarsson and loses puck.
3:35 of 1st period - Mark Letestu is hit by Carl Gunnarsson and loses puck.
3:53 of 1st period - Mark Letestu is hit by Alexander Edler and loses puck.
3:56 of 1st period - Shot by Mark Letestu.
3:56 of 1st period - Shot Misses the Net.
4:20 of 1st period - Shot by Benoit Pouliot.
4:20 of 1st period - Shot Misses the Net.
5:28 of 1st period - Shot by Markus Granlund.
5:28 of 1st period - Stopped by Christopher Gibson without a rebound.
5:29 of 1st period - Phillip Danault wins face-off versus Jason Spezza in Rangers zone.
6:21 of 1st period - Off-side.
6:22 of 1st period - Connor McDavid wins face-off versus Eric Staal in neutral zone.
6:31 of 1st period - Shot by Craig Smith.
6:31 of 1st period - Stopped by Ryan Miller with a rebound.
6:49 of 1st period - Shot by Jason Pominville.
6:49 of 1st period - Shot Misses the Net.
7:28 of 1st period - Markus Granlund is hit by Brandon Pirri and loses puck.
7:46 of 1st period - Off-side.
7:47 of 1st period - Phillip Danault wins face-off versus Jason Spezza in neutral zone.
7:58 of 1st period - Icing by Jeff Petry.
7:59 of 1st period - Cedric Paquette wins face-off versus Jason Spezza in Wild zone.
8:06 of 1st period - Shot by Benoit Pouliot.
8:06 of 1st period - Stopped by Ryan Miller with a rebound.
8:34 of 1st period - Shot by Tanner Pearson.
8:34 of 1st period - Stopped by Christopher Gibson without a rebound.
8:35 of 1st period - Connor McDavid wins face-off versus Eric Staal in Rangers zone.
8:37 of 1st period - Icing by Conor Sheary.
8:38 of 1st period - Connor McDavid wins face-off versus Eric Staal in Rangers zone.
8:40 of 1st period - Icing by Oliver Ekman-Larsson.
8:41 of 1st period - Eric Staal wins face-off versus Connor McDavid in Rangers zone.
9:01 of 1st period - Icing by Conor Sheary.
9:02 of 1st period - Jason Spezza wins face-off versus Connor McDavid in Rangers zone.
9:06 of 1st period - Icing by Michael Del Zotto.
9:07 of 1st period - Connor McDavid wins face-off versus Sven Baertschi in Rangers zone.
9:48 of 1st period - Icing by Connor McDavid.
9:49 of 1st period - Eric Staal wins face-off versus Conor Sheary in Rangers zone.
10:56 of 1st period - Oliver Ekman-Larsson is hit by Jimmy Hayes and loses puck.
11:47 of 1st period - Shot by Tanner Pearson.
11:47 of 1st period - Shot Misses the Net.
11:49 of 1st period - Shot by Jason Spezza.
11:49 of 1st period - Stopped by Christopher Gibson without a rebound.
11:50 of 1st period - Jiri Sekac wins face-off versus Ronalds Kenins in Rangers zone.
12:20 of 1st period - Shot by David Jones.
12:20 of 1st period - Shot Misses the Net.
12:37 of 1st period - Minor Penalty to Jason Pominville for Hooking.
12:38 of 1st period - Benoit Pouliot wins face-off versus Markus Granlund in Wild zone.
13:32 of 1st period - Shot by Phillip Danault.
13:32 of 1st period - Stopped by Ryan Miller without a rebound.
13:33 of 1st period - Ondrej Palat wins face-off versus Riley Nash in Wild zone.
13:34 of 1st period - Shot by Oliver Ekman-Larsson.
13:34 of 1st period - Shot Misses the Net.
13:36 of 1st period - Shot by Alex Goligoski.
13:36 of 1st period - Deflect By Ondrej Palat.
13:36 of 1st period - Shot Blocked by Alexander Edler.
13:38 of 1st period - Shot by Phillip Danault.
13:38 of 1st period - Stopped by Ryan Miller with a rebound.
13:40 of 1st period - Shot by David Jones.
13:40 of 1st period - Shot Blocked by Alexander Edler.
13:58 of 1st period - Shot by Ondrej Palat.
13:58 of 1st period - Shot Misses the Net.
14:00 of 1st period - Shot by David Jones.
14:00 of 1st period - Shot Misses the Net.
14:02 of 1st period - Shot by Phillip Danault.
14:02 of 1st period - Deflect By Ondrej Palat.
14:02 of 1st period - Goal by Ondrej Palat - Wild : 0 - Rangers : 1.
14:03 of 1st period - Jason Spezza wins face-off versus Brandon Pirri in neutral zone.
14:03 of 1st period - Jeff Petry is hit by Brandon Pirri and loses puck.
14:16 of 1st period - Shot by Brandon Pirri.
14:16 of 1st period - Stopped by Ryan Miller without a rebound.
14:17 of 1st period - Eric Staal wins face-off versus Cedric Paquette in Wild zone.
14:24 of 1st period - Benoit Pouliot is hit by Eric Staal.
14:33 of 1st period - Icing by Taylor Fedun.
14:34 of 1st period - Phillip Danault wins face-off versus Eric Staal in Wild zone.
14:35 of 1st period - Shot by Alex Goligoski.
14:35 of 1st period - Stopped by Ryan Miller without a rebound.
14:36 of 1st period - Ondrej Palat wins face-off versus Jason Spezza in Wild zone.
14:47 of 1st period - Shot by Ondrej Palat.
14:47 of 1st period - Shot Misses the Net.
15:43 of 1st period - Shot by Benoit Pouliot.
15:43 of 1st period - Shot Misses the Net.
15:55 of 1st period - Shot by Dale Weise.
15:55 of 1st period - Deflect By Benoit Pouliot.
15:55 of 1st period - Stopped by Ryan Miller with a rebound.
16:53 of 1st period - Shot by Jason Pominville.
16:53 of 1st period - Stopped by Christopher Gibson without a rebound.
16:54 of 1st period - Riley Nash wins face-off versus Brandon Pirri in Rangers zone.
18:23 of 1st period - Alex Biega is hit by Ondrej Palat and loses puck.
19:41 of 1st period - Shot by Alexander Edler.
19:41 of 1st period - Shot Misses the Net.
Goals for this period are 0 for Wild vs 1 for Rangers.
Shots for this period are 5 for Wild vs 11 for Rangers.

2nd period


0:01 of 2nd period - Eric Staal wins face-off versus Phillip Danault in neutral zone.
0:04 of 2nd period - Matt Niskanen is hit by Eric Staal and loses puck.
0:19 of 2nd period - Shot by Phillip Danault.
0:19 of 2nd period - Stopped by Ryan Miller without a rebound.
0:20 of 2nd period - Cedric Paquette wins face-off versus Jason Spezza in Wild zone.
0:45 of 2nd period - Shot by Dale Weise.
0:45 of 2nd period - Stopped by Ryan Miller without a rebound.
0:46 of 2nd period - Phillip Danault wins face-off versus Eric Staal in Wild zone.
1:13 of 2nd period - Shot by Jason Pominville.
1:13 of 2nd period - Shot Misses the Net.
1:51 of 2nd period - Shot by Tanner Pearson.
1:51 of 2nd period - Shot Misses the Net.
1:53 of 2nd period - Shot by Sven Baertschi.
1:53 of 2nd period - Shot Misses the Net.
1:59 of 2nd period - Shot by Tanner Pearson.
1:59 of 2nd period - Goal by Tanner Pearson - Wild : 1 - Rangers : 1.
2:00 of 2nd period - Cedric Paquette wins face-off versus Riley Nash in neutral zone.
2:11 of 2nd period - Taylor Fedun is hit by Dale Weise and loses puck.
2:17 of 2nd period - Alex Biega is hit by Oliver Ekman-Larsson and loses puck.
2:51 of 2nd period - Icing by Michael Del Zotto.
2:52 of 2nd period - Cedric Paquette wins face-off versus Eric Staal in Rangers zone.
3:15 of 2nd period - Shot by Eric Staal.
3:15 of 2nd period - Stopped by Christopher Gibson with a rebound.
3:17 of 2nd period - Shot by Alexander Edler.
3:17 of 2nd period - Stopped by Christopher Gibson without a rebound.
3:18 of 2nd period - David Jones wins face-off versus Jason Spezza in Rangers zone.
3:45 of 2nd period - Shot by Jason Spezza.
3:45 of 2nd period - Stopped by Christopher Gibson without a rebound.
3:46 of 2nd period - Eric Staal wins face-off versus Phillip Danault in Rangers zone.
4:11 of 2nd period - Shot by Jason Pominville.
4:11 of 2nd period - Shot Misses the Net.
4:13 of 2nd period - Shot by Jason Pominville.
4:13 of 2nd period - Shot Misses the Net.
4:25 of 2nd period - Shot by Jason Pominville.
4:25 of 2nd period - Stopped by Christopher Gibson with a rebound.
4:27 of 2nd period - Shot by Marian Gaborik.
4:27 of 2nd period - Stopped by Christopher Gibson without a rebound.
4:28 of 2nd period - Craig Smith wins face-off versus Sven Baertschi in Rangers zone.
4:40 of 2nd period - Icing by Jeff Petry.
4:41 of 2nd period - Jason Spezza wins face-off versus Cedric Paquette in Wild zone.
5:45 of 2nd period - Shot by Marian Gaborik.
5:45 of 2nd period - Shot Blocked by Alex Goligoski.
5:47 of 2nd period - Shot by Alexander Edler.
5:47 of 2nd period - Shot Hit the Post.
5:52 of 2nd period - Icing by Matt Niskanen.
5:53 of 2nd period - Riley Nash wins face-off versus Cedric Paquette in Rangers zone.
6:02 of 2nd period - Shot by Jimmy Hayes.
6:02 of 2nd period - Stopped by Christopher Gibson without a rebound.
6:03 of 2nd period - Phillip Danault wins face-off versus Eric Staal in Rangers zone.
6:03 of 2nd period - Phillip Danault is hit by Eric Staal.
6:11 of 2nd period - Shot by Mark Letestu.
6:11 of 2nd period - Shot Blocked by Carl Gunnarsson.
6:13 of 2nd period - Shot by Ondrej Palat.
6:13 of 2nd period - Stopped by Ryan Miller without a rebound.
6:14 of 2nd period - Craig Smith wins face-off versus Riley Nash in Wild zone.
6:21 of 2nd period - Shot by Jimmy Hayes.
6:21 of 2nd period - Shot Blocked by Michael Del Zotto.
6:46 of 2nd period - Off-side.
6:47 of 2nd period - Phillip Danault wins face-off versus Jason Spezza in neutral zone.
6:59 of 2nd period - Icing by Jeff Petry.
7:00 of 2nd period - Jason Spezza wins face-off versus Brandon Pirri in Wild zone.
7:05 of 2nd period - David Jones is hit by Sven Baertschi and loses puck.
7:24 of 2nd period - Shot by Brandon Pirri.
7:24 of 2nd period - Stopped by Ryan Miller without a rebound.
7:25 of 2nd period - Phillip Danault wins face-off versus Eric Staal in Wild zone.
7:38 of 2nd period - Shot by Phillip Danault.
7:38 of 2nd period - Stopped by Ryan Miller without a rebound.
7:39 of 2nd period - Markus Granlund wins face-off versus Connor McDavid in Wild zone.
7:39 of 2nd period - Markus Granlund is hit by Craig Smith.
8:04 of 2nd period - Connor McDavid is hit by Jeff Petry and loses puck.
8:19 of 2nd period - Shot by Markus Granlund.
8:19 of 2nd period - Shot Blocked by Nick Schultz.
8:43 of 2nd period - Shot by Oliver Ekman-Larsson.
8:43 of 2nd period - Stopped by Ryan Miller without a rebound.
8:44 of 2nd period - Phillip Danault wins face-off versus Jason Spezza in Wild zone.
8:49 of 2nd period - Shot by Ondrej Palat.
8:49 of 2nd period - Stopped by Ryan Miller without a rebound.
8:50 of 2nd period - Phillip Danault wins face-off versus Jason Spezza in Wild zone.
8:53 of 2nd period - Shot by Ondrej Palat.
8:53 of 2nd period - Shot Misses the Net.
9:03 of 2nd period - Shot by Tanner Pearson.
9:03 of 2nd period - Shot Misses the Net.
9:05 of 2nd period - Shot by Sven Baertschi.
9:05 of 2nd period - Shot Misses the Net.
9:07 of 2nd period - Shot by Tanner Pearson.
9:07 of 2nd period - Stopped by Christopher Gibson without a rebound.
9:08 of 2nd period - Brandon Pirri wins face-off versus Eric Staal in Rangers zone.
9:17 of 2nd period - Shot by David Jones.
9:17 of 2nd period - Shot Misses the Net.
9:33 of 2nd period - Shot by Marian Gaborik.
9:33 of 2nd period - Stopped by Christopher Gibson without a rebound.
9:34 of 2nd period - Jason Spezza wins face-off versus Phillip Danault in Rangers zone.
9:35 of 2nd period - Shot by Tanner Pearson.
9:35 of 2nd period - Shot Misses the Net.
9:37 of 2nd period - Shot by Tanner Pearson.
9:37 of 2nd period - Stopped by Christopher Gibson with a rebound.
9:39 of 2nd period - Shot by Carl Gunnarsson.
9:39 of 2nd period - Shot Misses the Net.
11:31 of 2nd period - Shot by Benoit Pouliot.
11:31 of 2nd period - Goal by Benoit Pouliot - Wild : 1 - Rangers : 2.
11:32 of 2nd period - Riley Nash wins face-off versus Brandon Pirri in neutral zone.
11:45 of 2nd period - Mason Raymond is hit by Justin Falk and loses puck.
12:01 of 2nd period - Icing by Nick Schultz.
12:02 of 2nd period - Jason Spezza wins face-off versus Brandon Pirri in Rangers zone.
12:02 of 2nd period - Jason Spezza is hit by Justin Falk.
12:12 of 2nd period - Shot by Sven Baertschi.
12:12 of 2nd period - Stopped by Christopher Gibson with a rebound.
12:53 of 2nd period - Carl Gunnarsson is hit by Ondrej Palat and loses puck.
13:14 of 2nd period - Ondrej Palat is hit by Jimmy Hayes and loses puck.
13:41 of 2nd period - Shot by Riley Nash.
13:41 of 2nd period - Shot Misses the Net.
13:43 of 2nd period - Shot by Alex Biega.
13:43 of 2nd period - Stopped by Christopher Gibson with a rebound.
13:45 of 2nd period - Shot by Taylor Fedun.
13:45 of 2nd period - Shot Blocked by Alex Goligoski.
14:05 of 2nd period - Mark Streit is hit by Matt Niskanen and loses puck.
14:08 of 2nd period - Shot by Eric Staal.
14:08 of 2nd period - Shot Misses the Net.
14:27 of 2nd period - Icing by Jeff Petry.
14:28 of 2nd period - Eric Staal wins face-off versus Cedric Paquette in Wild zone.
14:28 of 2nd period - Eric Staal is hit by Dale Weise.
15:05 of 2nd period - Shot by Colin McDonald.
15:05 of 2nd period - Shot Misses the Net.
15:36 of 2nd period - Minor Penalty to Ondrej Palat for Hooking.
15:37 of 2nd period - Jason Spezza wins face-off versus Brandon Pirri in Rangers zone.
16:00 of 2nd period - Shot by Sven Baertschi.
16:00 of 2nd period - Shot Misses the Net.
16:02 of 2nd period - Shot by Jeff Petry.
16:02 of 2nd period - Shot Blocked by Brandon Pirri.
16:04 of 2nd period - Shot by Jason Spezza.
16:04 of 2nd period - Shot Misses the Net.
16:46 of 2nd period - Shot by Eric Staal.
16:46 of 2nd period - Goal by Eric Staal - Wild : 2 - Rangers : 2.
16:47 of 2nd period - Ondrej Palat wins face-off versus Riley Nash in neutral zone.
16:59 of 2nd period - Icing by Alex Biega.
17:00 of 2nd period - Phillip Danault wins face-off versus Riley Nash in Wild zone.
18:12 of 2nd period - David Jones is hit by Tanner Pearson and loses puck.
18:23 of 2nd period - Shot by Brandon Pirri.
18:23 of 2nd period - Shot Misses the Net.
18:31 of 2nd period - Jiri Sekac is hit by Sven Baertschi and loses puck.
18:39 of 2nd period - Icing by Oliver Ekman-Larsson.
18:40 of 2nd period - Brandon Pirri wins face-off versus Eric Staal in Rangers zone.
18:40 of 2nd period - Brandon Pirri is hit by Eric Staal.
19:06 of 2nd period - Craig Smith is hit by Eric Staal and loses puck.
Goals for this period are 2 for Wild vs 1 for Rangers.
Shots for this period are 13 for Wild vs 8 for Rangers.

3rd period


0:01 of 3rd period - Phillip Danault wins face-off versus Jason Spezza in neutral zone.
0:03 of 3rd period - Ondrej Palat is hit by Alexander Edler and loses puck.
0:31 of 3rd period - Shot by Ondrej Palat.
0:31 of 3rd period - Shot Blocked by Alexander Edler.
1:12 of 3rd period - Connor McDavid is hit by Alexander Edler and loses puck.
1:15 of 3rd period - Shot by Alex Goligoski.
1:15 of 3rd period - Stopped by Ryan Miller with a rebound.
1:47 of 3rd period - Shot by Benoit Pouliot.
1:47 of 3rd period - Shot Misses the Net.
1:49 of 3rd period - Shot by Nick Schultz.
1:49 of 3rd period - Shot Misses the Net.
1:51 of 3rd period - Shot by Cedric Paquette.
1:51 of 3rd period - Goal by Cedric Paquette - Wild : 2 - Rangers : 3.
1:52 of 3rd period - Eric Staal wins face-off versus Brandon Pirri in neutral zone.
2:16 of 3rd period - Shot by Brandon Pirri.
2:16 of 3rd period - Stopped by Ryan Miller without a rebound.
2:17 of 3rd period - Riley Nash wins face-off versus Phillip Danault in Wild zone.
2:17 of 3rd period - Riley Nash is hit by Ondrej Palat.
2:24 of 3rd period - Taylor Fedun is hit by Ondrej Palat and loses puck.
2:37 of 3rd period - Shot by Phillip Danault.
2:37 of 3rd period - Shot Hit the Post.
2:39 of 3rd period - Shot by Ondrej Palat.
2:39 of 3rd period - Shot Blocked by Alex Biega.
2:41 of 3rd period - Shot by Ondrej Palat.
2:41 of 3rd period - Shot Misses the Net.
2:43 of 3rd period - Shot by Phillip Danault.
2:43 of 3rd period - Shot Misses the Net.
2:57 of 3rd period - Shot by Mark Letestu.
2:57 of 3rd period - Shot Blocked by Taylor Fedun.
3:26 of 3rd period - Shot by Craig Smith.
3:26 of 3rd period - Stopped by Ryan Miller without a rebound.
3:27 of 3rd period - Cedric Paquette wins face-off versus Eric Staal in Wild zone.
3:27 of 3rd period - Cedric Paquette is hit by Jeff Petry.
4:00 of 3rd period - Minor Penalty to Jeff Petry for Tripping.
4:01 of 3rd period - Markus Granlund wins face-off versus Connor McDavid in Wild zone.
4:26 of 3rd period - Shot by Oliver Ekman-Larsson.
4:26 of 3rd period - Shot Misses the Net.
4:28 of 3rd period - Shot by Ondrej Palat.
4:28 of 3rd period - Shot Misses the Net.
4:30 of 3rd period - Shot by Ondrej Palat.
4:30 of 3rd period - Stopped by Ryan Miller without a rebound.
4:31 of 3rd period - Phillip Danault wins face-off versus Colin McDonald in Wild zone.
5:13 of 3rd period - Shot by Phillip Danault.
5:13 of 3rd period - Shot Blocked by Alexander Edler.
5:15 of 3rd period - Shot by Alex Goligoski.
5:15 of 3rd period - Shot Misses the Net.
5:37 of 3rd period - Shot by Matt Niskanen.
5:37 of 3rd period - Stopped by Ryan Miller without a rebound.
5:38 of 3rd period - Connor McDavid wins face-off versus Markus Granlund in Wild zone.
6:46 of 3rd period - Icing by Justin Falk.
6:47 of 3rd period - Eric Staal wins face-off versus Brandon Pirri in Rangers zone.
6:52 of 3rd period - Shot by Marian Gaborik.
6:52 of 3rd period - Deflect By Eric Staal.
6:52 of 3rd period - Stopped by Christopher Gibson without a rebound.
6:53 of 3rd period - Phillip Danault wins face-off versus Eric Staal in Rangers zone.
6:59 of 3rd period - Minor Penalty to Ondrej Palat for Boarding.
7:00 of 3rd period - Eric Staal wins face-off versus Cedric Paquette in Rangers zone.
7:03 of 3rd period - Shot by Taylor Fedun.
7:03 of 3rd period - Shot Blocked by Alex Goligoski.
7:31 of 3rd period - Shot by Jeff Petry.
7:31 of 3rd period - Shot Misses the Net.
7:33 of 3rd period - Shot by Taylor Fedun.
7:33 of 3rd period - Shot Misses the Net.
7:35 of 3rd period - Shot by Eric Staal.
7:35 of 3rd period - Shot Misses the Net.
7:37 of 3rd period - Shot by Marian Gaborik.
7:37 of 3rd period - Goal by Marian Gaborik - Wild : 3 - Rangers : 3.
7:38 of 3rd period - Phillip Danault wins face-off versus Jason Spezza in neutral zone.
7:43 of 3rd period - Icing by Alexander Edler.
7:44 of 3rd period - Phillip Danault wins face-off versus Jason Spezza in Wild zone.
8:13 of 3rd period - Shot by Tanner Pearson.
8:13 of 3rd period - Stopped by Christopher Gibson with a rebound.
8:17 of 3rd period - Shot by Tanner Pearson.
8:17 of 3rd period - Stopped by Christopher Gibson without a rebound.
8:18 of 3rd period - Eric Staal wins face-off versus Connor McDavid in Rangers zone.
8:27 of 3rd period - Shot by Eric Staal.
8:27 of 3rd period - Shot Misses the Net.
8:51 of 3rd period - Jason Pominville is hit by Alex Goligoski.
9:00 of 3rd period - Eric Staal is hit by Matt Niskanen.
9:35 of 3rd period - Shot by Riley Nash.
9:35 of 3rd period - Shot Blocked by Craig Smith.
9:37 of 3rd period - Shot by Mason Raymond.
9:37 of 3rd period - Deflect By Jimmy Hayes.
9:37 of 3rd period - Shot Misses the Net.
9:39 of 3rd period - Shot by Riley Nash.
9:39 of 3rd period - Shot Misses the Net.
9:47 of 3rd period - Shot by Riley Nash.
9:47 of 3rd period - Shot Misses the Net.
9:49 of 3rd period - Shot by Mason Raymond.
9:49 of 3rd period - Shot Hit the Post.
10:15 of 3rd period - Shot by Tanner Pearson.
10:15 of 3rd period - Shot Blocked by Alex Goligoski.
10:24 of 3rd period - Tanner Pearson is hit by Alex Goligoski and loses puck.
10:53 of 3rd period - Markus Granlund is hit by Craig Smith and loses puck.
11:16 of 3rd period - Off-side.
11:17 of 3rd period - Eric Staal wins face-off versus Cedric Paquette in neutral zone.
11:38 of 3rd period - Alexander Edler is hit by Cedric Paquette and loses puck.
12:32 of 3rd period - Ondrej Palat is hit by Alex Biega and loses puck.
12:44 of 3rd period - Ondrej Palat is hit by Tanner Pearson.
12:49 of 3rd period - Off-side.
12:50 of 3rd period - Riley Nash wins face-off versus Brandon Pirri in neutral zone.
12:50 of 3rd period - Riley Nash is hit by Jiri Sekac.
13:26 of 3rd period - Minor Penalty to Jimmy Hayes for Tripping.
13:27 of 3rd period - Markus Granlund wins face-off versus Benoit Pouliot in Wild zone.
13:33 of 3rd period - Icing by Oliver Ekman-Larsson.
13:34 of 3rd period - Benoit Pouliot wins face-off versus Markus Granlund in Rangers zone.
13:43 of 3rd period - Shot by Ondrej Palat.
13:43 of 3rd period - Shot Misses the Net.
13:55 of 3rd period - Shot by Ondrej Palat.
13:55 of 3rd period - Shot Blocked by Markus Granlund.
13:57 of 3rd period - Shot by Ondrej Palat.
13:57 of 3rd period - Stopped by Ryan Miller without a rebound.
13:58 of 3rd period - Phillip Danault wins face-off versus Riley Nash in Wild zone.
14:03 of 3rd period - Shot by Oliver Ekman-Larsson.
14:03 of 3rd period - Stopped by Ryan Miller without a rebound.
14:04 of 3rd period - Markus Granlund wins face-off versus Connor McDavid in Wild zone.
14:26 of 3rd period - Shot by Connor McDavid.
14:26 of 3rd period - Shot Misses the Net.
14:28 of 3rd period - Shot by Michael Del Zotto.
14:28 of 3rd period - Shot Misses the Net.
14:30 of 3rd period - Shot by Ondrej Palat.
14:30 of 3rd period - Stopped by Ryan Miller without a rebound.
14:31 of 3rd period - Markus Granlund wins face-off versus Phillip Danault in Wild zone.
14:48 of 3rd period - Shot by Craig Smith.
14:48 of 3rd period - Shot Misses the Net.
14:50 of 3rd period - Shot by Matt Niskanen.
14:50 of 3rd period - Stopped by Ryan Miller with a rebound.
14:52 of 3rd period - Shot by Oliver Ekman-Larsson.
14:52 of 3rd period - Stopped by Ryan Miller with a rebound.
15:02 of 3rd period - Shot by Oliver Ekman-Larsson.
15:02 of 3rd period - Shot Blocked by Mark Streit.
15:04 of 3rd period - Shot by Craig Smith.
15:04 of 3rd period - Shot Misses the Net.
15:06 of 3rd period - Shot by Matt Niskanen.
15:06 of 3rd period - Shot Misses the Net.
15:08 of 3rd period - Shot by Phillip Danault.
15:08 of 3rd period - Shot Misses the Net.
15:10 of 3rd period - Shot by Matt Niskanen.
15:10 of 3rd period - Stopped by Ryan Miller with a rebound.
15:34 of 3rd period - Shot by Jason Pominville.
15:34 of 3rd period - Deflect By Marian Gaborik.
15:34 of 3rd period - Goal by Marian Gaborik - Wild : 4 - Rangers : 3.
15:35 of 3rd period - Eric Staal wins face-off versus Brandon Pirri in neutral zone.
15:42 of 3rd period - Shot by Eric Staal.
15:42 of 3rd period - Stopped by Christopher Gibson without a rebound.
15:43 of 3rd period - Eric Staal wins face-off versus Brandon Pirri in Rangers zone.
16:18 of 3rd period - Shot by Brandon Pirri.
16:18 of 3rd period - Shot Blocked by Carl Gunnarsson.
16:20 of 3rd period - Shot by Brandon Pirri.
16:20 of 3rd period - Shot Blocked by Eric Staal.
16:22 of 3rd period - Shot by Jiri Sekac.
16:22 of 3rd period - Shot Misses the Net.
17:09 of 3rd period - Carl Gunnarsson is hit by Ondrej Palat and loses puck.
17:13 of 3rd period - Minor Penalty to Alexander Edler for Tripping.
17:14 of 3rd period - Connor McDavid wins face-off versus Markus Granlund in Wild zone.
17:15 of 3rd period - Shot by Alex Goligoski.
17:15 of 3rd period - Shot Misses the Net.
17:29 of 3rd period - Shot by Alex Goligoski.
17:29 of 3rd period - Stopped by Ryan Miller with a rebound.
18:07 of 3rd period - Oliver Ekman-Larsson is hit by Colin McDonald and loses puck.
18:14 of 3rd period - Shot by Riley Nash.
18:14 of 3rd period - Stopped by Christopher Gibson without a rebound.
18:15 of 3rd period - Phillip Danault wins face-off versus Riley Nash in Rangers zone.
18:32 of 3rd period - Rangers, Christopher Gibson is pulled from the net.
18:40 of 3rd period - Shot by Benoit Pouliot.
18:40 of 3rd period - Shot Misses the Net.
19:00 of 3rd period - Michael Del Zotto is hit by Colin McDonald.
19:30 of 3rd period - Shot by Connor McDavid.
19:30 of 3rd period - Shot Misses the Net.
19:32 of 3rd period - Shot by Matt Niskanen.
19:32 of 3rd period - Goal by Matt Niskanen - Wild : 4 - Rangers : 4.
19:32 of 3rd period - Christopher Gibson from Rangers was sent back in the game.
19:33 of 3rd period - Jason Spezza wins face-off versus Brandon Pirri in neutral zone.
Goals for this period are 2 for Wild vs 2 for Rangers.
Shots for this period are 7 for Wild vs 14 for Rangers.

Overtime #1


0:01 of 1st overtime period - Phillip Danault wins face-off versus Jason Spezza in neutral zone.
0:14 of 1st overtime period - Shot by Craig Smith.
0:14 of 1st overtime period - Shot Misses the Net.
0:18 of 1st overtime period - Shot by Craig Smith.
0:18 of 1st overtime period - Stopped by Ryan Miller without a rebound.
0:19 of 1st overtime period - Phillip Danault wins face-off versus Eric Staal in Wild zone.
0:28 of 1st overtime period - Shot by Phillip Danault.
0:28 of 1st overtime period - Stopped by Ryan Miller without a rebound.
0:29 of 1st overtime period - Jason Spezza wins face-off versus Brandon Pirri in Wild zone.
0:50 of 1st overtime period - Shot by Jason Spezza.
0:50 of 1st overtime period - Stopped by Christopher Gibson with a rebound.
1:08 of 1st overtime period - Shot by Jason Spezza.
1:08 of 1st overtime period - Shot Blocked by Alex Goligoski.
1:10 of 1st overtime period - Shot by Jason Spezza.
1:10 of 1st overtime period - Stopped by Christopher Gibson without a rebound.
1:11 of 1st overtime period - Eric Staal wins face-off versus Phillip Danault in Rangers zone.
1:20 of 1st overtime period - Shot by Tanner Pearson.
1:20 of 1st overtime period - Shot Blocked by Oliver Ekman-Larsson.
1:46 of 1st overtime period - Shot by Carl Gunnarsson.
1:46 of 1st overtime period - Shot Misses the Net.
1:48 of 1st overtime period - Shot by Mark Streit.
1:48 of 1st overtime period - Shot Blocked by Nick Schultz.
2:47 of 1st overtime period - Icing by Taylor Fedun.
2:48 of 1st overtime period - Jason Pominville wins face-off versus Connor McDavid in Wild zone.
2:57 of 1st overtime period - Shot by Jason Pominville.
2:57 of 1st overtime period - Shot Misses the Net.
2:59 of 1st overtime period - Shot by Jason Pominville.
2:59 of 1st overtime period - Deflect By Marian Gaborik.
2:59 of 1st overtime period - Goal by Marian Gaborik - Wild : 5 - Rangers : 4.
Goals for this period are 1 for Wild vs 0 for Rangers.
Shots for this period are 3 for Wild vs 2 for Rangers.